 Dungeon Crawl Stone Soup version 0.19.0-2-gae57169 (webtiles) character file.

101 lorenzova the Conjurer (level 4, -1/24 HPs)
             Began as a Deep Elf Conjurer on Nov 5, 2016.
             Slain by Sigmund
             ... wielding a +2 scythe of freezing
              (4 damage)
             ... on level 2 of the Dungeon.
             The game lasted 00:05:25 (2265 turns).

lorenzova the Conjurer (Deep Elf Conjurer)          Turns: 2265, Time: 00:05:26

Health: -1/24      AC:  2    Str:  5    XL:     4   Next: 48%
Magic:  0/12       EV: 13    Int: 21    God:
Gold:   154        SH:  0    Dex: 15    Spells: 2 memorised, 7 levels left

rFire  . . .     SeeInvis +     s - +1 dagger (holy)
rCold  . . .     Gourm    .     a - +0 robe
rNeg   . . .     Faith    .     (no shield)
rPois  .         Spirit   .     (no helmet)
rElec  .         Reflect  .     (no cloak)
rCorr  .         Harm     .     (no gloves)
MR     .....                    (no boots)
Stlth  ++........               r - amulet of rage
                                (no ring)
                                i - ring of see invisible

@: very slightly contaminated
A: no striking features
a: Evoke Berserk Rage


You were on level 2 of the Dungeon.
You were not hungry.

You visited 1 branch of the dungeon, and saw 3 of its levels.

You collected 154 gold pieces.

Inventory:

Hand Weapons
 s - a +1 dagger of holy wrath (weapon)
Armour
 a - a +0 robe (worn)
Jewellery
 i - a ring of see invisible (left hand)
 r - an amulet of rage (around neck)
 u - a cursed ring of teleportation {unknown}
Scrolls
 f - a scroll of magic mapping {unknown}
 h - 2 scrolls of enchant weapon {unknown}
 n - 2 scrolls of identify {unknown}
 o - 3 scrolls of teleportation {unknown}
 p - a scroll of noise {unknown}
 q - 2 scrolls of amnesia {unknown}
 w - a scroll of remove curse {unknown}
Potions
 d - a potion of lignification {unknown}
 e - a potion of might {unknown}
 j - a potion of curing {unknown}
 k - a potion of brilliance {unknown}
 l - 2 potions of flight {unknown}
 m - a potion of haste {unknown}
Books
 b - a book of Conjurations

   Spells                             Type                      Level
   a - Magic Dart                     Conjuration                  1
   b - Searing Ray                    Conjuration                  2
   c - Dazzling Spray                 Conjuration/Hexes            3
   d - Fulminant Prism                Conjuration/Hexes            4
   e - Iskenderun's Mystic Blast      Conjuration                  4
   f - Iskenderun's Battlesphere      Conjuration/Charms           5
Comestibles
 c - a bread ration
 g - a slice of pizza
 t - 2 meat rations


   Skills:
 - Level 2.4 Dodging
 - Level 2.4 Stealth
 + Level 4.8 Spellcasting
 + Level 5.6 Conjurations


You had 7 spell levels left.
You knew the following spells:

 Your Spells              Type           Power        Failure   Level  Hunger
a - Magic Dart            Conj           ####         1%          1    None
c - Iskenderun's Mystic   Conj           ####....     14%         4    ####...


Dungeon Overview and Level Annotations

Branches:
Dungeon (3/15)

Altars:

Annotations:
D:2 Sigmund, Terence


Message History

Aiming: Magic Dart
Press: ? - help, Shift-Dir - straight line, f/p - Sigmund
Aim: Sigmund, wielding a scythe of freezing and wearing a robe (severely wounded, slightly transparent)
The magic dart hits Sigmund.
Sigmund is almost dead.
Sigmund gestures at you while chanting. The puff of flame hits you!
Ouch! That really hurt!
Sigmund laughs darkly.
Casting: Magic Dart
Confirm with . or Enter, or press ? or * to list all spells.
Aiming: Magic Dart
Press: ? - help, Shift-Dir - straight line, f/p - Sigmund
Aim: Sigmund, wielding a scythe of freezing and wearing a robe (severely wounded, slightly transparent)
The magic dart hits Sigmund.
Sigmund is almost dead.
Sigmund hits you with a scythe of freezing!
* * * LOW HITPOINT WARNING * * *
Sigmund freezes you.
You die...

#.###########.#
#........# ##'##
###..#####.# #...##
#...## #####≈...##
#...# ......≈...##
#...# .≈.≈.≈.....#
#...# ......≈....'
#..@#### #####≈.....#
####@..###.#.......##
#.......##.....##
###.#######...## ####.#
##'## #....# #.# #.####
#.# #####.#### ##.##
#........# ##...##
#.###.##.######.....###


You could see Sigmund (invisible).

Vanquished Creatures
  4 gnolls
  A worm (D:2)
  4 dart slugs
  2 leopard geckos
  6 bats
  5 giant cockroaches
  7 goblins
  5 hobgoblins
  3 jackals
  2 kobolds
  A quokka (D:3)
  A frilled lizard (D:2)
  10 rats
51 creatures vanquished.

Notes
Turn   | Place    | Note
-------+----------+-------------------------------------------
     0 | D:1      | lorenzova the Deep Elf Conjurer began the quest for the Orb.
     0 | D:1      | Reached XP level 1. HP: 10/10 MP: 6/6
   362 | D:1      | Reached XP level 2. HP: 15/15 MP: 0/8
   574 | D:1      | Reached skill level 5 in Conjurations
   682 | D:1      | Reached XP level 3. HP: 19/19 MP: 8/10
  1560 | D:2      | Noticed Terence
  2042 | D:2      | Reached XP level 4. HP: 24/24 MP: 9/12
  2048 | D:2      | Learned a level 4 spell: Iskenderun's Mystic Blast
  2237 | D:2      | Noticed Sigmund
  2265 | D:2      | Slain by Sigmund

Skill      XL: |  1  2  3 |
---------------+----------+-----
Conjurations   | 5 |  5.6
Spellcasting   | 4 |  4.8
Dodging        | |  2.4
Stealth        | |  2.4

Action                   |  1- 3 |  4- 6 || total
-------------------------+-------+-------++-------
 Cast: Magic Dart        |    98 |    24 ||   122
       Iskenderun's Myst |       |     1 ||     1
  Eat: Chunk             |     3 |     1 ||     4
Armor: Robe              |     2 |       ||     2
Dodge: Dodged            |     8 |     7 ||    15
